 Dungeon Crawl Stone Soup version 0.28.0 (webtiles) character file.

Game seed: 16218220362788119705

480 zazu2006 the Magician (level 7, 0/57 HPs)
             Began as a Naga Hedge Wizard on Feb 15, 2022.
             Slain by an iguana (11 damage)
             ... on level 4 of the Dungeon on Feb 16, 2022.
             The game lasted 00:08:53 (5186 turns).

zazu2006 the Magician (Naga Hedge Wizard)           Turns: 5186, Time: 00:08:54

Health: 0/57       AC:  3    Str: 12    XL:     7   Next: 12%
Magic:  15/15      EV: 10    Int: 16    God:
Gold:   145        SH:  0    Dex: 11    Spells: 15/16 levels left

rFire   . . .      SeeInvis +   a - +1 dagger
rCold   . . .      Faith    .   (no shield)
rNeg    . . .      Spirit   .   b - +0 robe
rPois   +          Reflect  .   c - +0 hat
rElec   .          Harm     .   (no cloak)
rCorr   .          Rampage  .   (no gloves)
Will    .....                   (no barding)
Stlth   ++........              (no amulet)
HPRegen 0.19/turn               (no ring)
MPRegen 0.14/turn               (no ring)

@: very slow
A: AC +2, large, see invisible, deformed body, poison resistance, slowness 2,
spit poison 1, naga tail 1
a: Spit Poison


You were on level 4 of the Dungeon.
You visited 1 branch of the dungeon, and saw 5 of its levels.

You collected 171 gold pieces.
You spent 26 gold pieces at shops.

Inventory:

Hand Weapons
 a - a +1 dagger (weapon)
Armour
 b - a +0 robe (worn)
 c - a +0 hat (worn)
Wands
 g - a wand of polymorph (10)
Scrolls
 d - a scroll of magic mapping
 e - a scroll of teleportation
 h - 2 scrolls of enchant armour
 l - a scroll of enchant weapon
 n - a scroll of noise {unknown}
Potions
 f - a potion of flight
 k - a potion of haste
 m - 2 potions of brilliance
 o - a potion of curing


   Skills:
 + Level 1.0 Fighting
 + Level 2.3 Dodging
 + Level 4.3 Stealth
 + Level 5.4 Spellcasting
 + Level 4.0 Conjurations
 + Level 1.0 Summonings
 + Level 1.0 Translocations


You had 15 spell levels left.
You knew the following spells:

 Your Spells              Type           Power      Damage    Failure   Level
a - Magic Dart            Conj           68%        1d6       2%          1

Your spell library contained the following spells:

 Spells                   Type           Power      Damage    Failure   Level
 Pain                     Necr           16%        1d4       14%         1
 Slow                     Hex            16%        N/A       14%         1
 Blink                    Tloc           14%        N/A       14%         2
 Call Imp                 Summ           7%         N/A       14%         2
 Conjure Flame            Conj/Fire      10%        6-21      19%         3
 Mephitic Cloud           Conj/Pois/Air  8%         N/A       26%         3
 Agony                    Necr           4%         N/A       99%         5
 Excruciating Wounds      Necr           2%         N/A       99%         5


Dungeon Overview and Level Annotations

Branches:
Dungeon (5/15)
 Temple: D:4-7

Altars:
Cheibriados
Makhleb
Qazlal
Wu Jian

Shops:
D:2 *


Innate Abilities, Weirdness & Mutations

Your serpentine skin is tough. (AC +2)
You have supernaturally acute eyesight. (SInv)
Armour fits poorly on your strangely shaped body.
Your system is resistant to poisons. (rPois)
You cover ground very slowly.
You can spit poison.
You have a snake-like lower body.


Message History

Press: ? - help, Shift-Dir - straight line, f/p - iguana
Aim: an iguana (lightly wounded, 65% to hit)
You fail to use your ability.
The iguana bites you!
Found a scroll of magic mapping.
Found a snail-covered altar of Cheibriados.
The iguana barely misses you.
Found a scroll of identify.
Found a leather armour.
The iguana bites you but does no damage.
There is a stone staircase leading up, spattered with blood here.
The iguana bites you.
You climb upwards.
There is a stone staircase leading down here.
Aiming: Spit Poison (1% risk of failure)
Press: ? - help, Shift-Dir - straight line, f - iguana
Aim: an iguana (65% to hit)
The splash of poison hits the iguana!
The iguana is heavily wounded.
The iguana bites you!
* * * LOW HITPOINT WARNING * * *
Unknown command.
The iguana bites you but does no damage.
Okay, then.
As you read the scroll labelled UHATSIT HIZE, it crumbles to dust.
You feel strangely unstable.
It was a scroll of teleportation.
The iguana bites you.
* * * LOW HITPOINT WARNING * * *
You have got your breath back.
Your surroundings seem slightly different.
As you read the scroll labelled IMNOHU DOSOKAE, it crumbles to dust.
It is a scroll of enchant weapon.
Your +0 dagger glows red for a moment.
Okay, then.
The iguana closely misses you.
There is a stone staircase leading down here.
The iguana bites you!
* * * LOW HITPOINT WARNING * * *
The iguana barely misses you.
You feel better. The iguana bites you!
You die...

....#.._..##.........##
....#.....#..##..#.###
.....#.......#####.#
..........##### ###
..............####.#
.................#.##
....................#
................>...###
..#.......#....#@.....##
..#.......##..###l#....##
.#........#....>..##....#
.##..............>#.....######
.##...............#.#........####
#####.....###...###.#.#....#....#
#.....#E#...#E#.(###........#
###...###...###..###.#...#†.#
###...............#...##.#..#


You could see an iguana.

Vanquished Creatures
  Grinder (D:3)
  A necrophage (D:4)
  A hound (D:4)
  3 adders (D:2)
  6 gnolls
  3 dart slugs
  4 orcs
  3 bats
  6 endoplasms
  10 giant cockroaches
  4 goblins
  5 hobgoblins
  2 jackals (D:2)
  5 quokkas
  9 ball pythons
  4 frilled lizards (D:2)
  3 kobolds (D:2)
  4 rats
74 creatures vanquished.

Notes
Turn   | Place    | Note
-------+----------+-------------------------------------------
     0 | D:1      | zazu2006 the Naga Hedge Wizard began the quest for the Orb.
     0 | D:1      | Reached XP level 1. HP: 15/15 MP: 4/4
   268 | D:1      | Reached XP level 2. HP: 22/22 MP: 1/6
  1082 | D:1      | Reached XP level 3. HP: 28/28 MP: 5/8
  1529 | D:2      | Reached skill level 4 in Spellcasting
  1624 | D:2      | Found a faded altar of an unknown god.
  1925 | D:2      | Reached XP level 4. HP: 37/37 MP: 1/10
  2116 | D:2      | Found Ariqo's General Store.
  2225 | D:2      | Bought a scroll of identify for 26 gold pieces
  2992 | D:3      | Reached XP level 5. HP: 43/43 MP: 8/11
  3535 | D:3      | Found an ornate altar of the Wu Jian Council.
  4129 | D:4      | Found a burning altar of Makhleb.
  4234 | D:4      | Noticed a necrophage
  4249 | D:4      | Killed a necrophage
  4250 | D:4      | Reached skill level 5 in Spellcasting
  4250 | D:4      | Reached XP level 6. HP: 15/50 MP: 0/13
  4498 | D:4      | Noticed Grinder
  4619 | D:4      | Paralysed by Grinder for 6 turns
  4643 | D:3      | Paralysed by Grinder for 4 turns
  4650 | D:3      | Killed Grinder
  4651 | D:3      | Reached skill level 1 in Fighting
  4651 | D:3      | Reached XP level 7. HP: 55/57 MP: 13/15
  4887 | D:4      | Found a stormy altar of Qazlal.
  4898 | D:4      | Noticed a water elemental
  4901 | D:4      | Noticed an air elemental
  4901 | D:4      | Noticed a fire elemental
  5030 | D:4      | Found a burning altar of Makhleb.
  5155 | D:5      | Entered Level 5 of the Dungeon
  5168 | D:5      | Found a snail-covered altar of Cheibriados.
  5183 | D:4      | HP: 1/57 [iguana (13)]
  5186 | D:4      | Slain by an iguana

Illustrated notes

Levels and vault maps discovered:
D:1:      onia_arrival_handbag, layout_rooms
D:2:      layout_loops_ring, dilly_ecumenical_altar_fadedgnrine, serial_shops,
          nicolae_shop_advertising_works [nicolae_subvault_shop_adworks]
D:3:      cheibrodos_helix_gallery, layout_basic,
          nicolae_wu_jian_immortal_techniques
D:4:      layout_cave_pools, nicolae_qazlal_style_of_elements,
          makhleb_heckhound_becter, kennysheep_flooded_box,
          minmay_misc_feat_square, uniq_grinder
D:5:      layout_basic, nicolae_yredelemnul_ghost_church, old_standard_altar,
          minmay_temple_entry_mini_moons, gammafunk_ghost_abyssal_escape

Skill      XL: |  1  2  3  4  5  6 |
---------------+-------------------+-----
Spellcasting   | 4 5 |  5.4
Conjurations   | 2 3 4 |  4.0
Dodging        | 2 |  2.3
Fighting       | 1 |  1.0
Stealth        | 4 |  4.3
Summonings     | |  1.0
Translocations | |  1.0

Action                   |  1- 3 |  4- 6 |  7- 9 || total
-------------------------+-------+-------+-------++-------
Melee: Dagger            |     8 |    19 |       ||    27
 Cast: Magic Dart        |    88 |   105 |    21 ||   214
 Abil: Spit Poison       |    12 |    12 |     3 ||    27
  Use: Scroll            |       |     8 |     3 ||    11
       Potion            |       |     4 |     1 ||     5
Armor: Robe              |     4 |     7 |     2 ||    13
Dodge: Dodged            |    13 |    29 |     4 ||    46
